 Dungeon Crawl Stone Soup version 0.17-a0-1468-gbf503c2 (webtiles) character file.

65 pulse the Chopper (level 4, 0/37 HPs)
             Began as a Formicid Berserker on July 1, 2015.
             Was a Believer of Trog.
             Succumbed to an adder's poison
             ... on level 3 of the Dungeon.
             The game lasted 00:03:05 (1737 turns).

pulse the Chopper (Formicid Berserker)              Turns: 1737, Time: 00:03:05

Health: 0/37       AC:  5    Str: 23    XL:     4   Next: 34%
Magic:  4/4        EV: 16    Int: 11    God:    Trog [**....]
Gold:   91         SH:  0    Dex: 15    Spells: 0 memorised, 3 levels left

rFire  + . .     SeeInvis +     o - +2 hand axe (elec)
rCold  + . .     Clarity  .     m - +0 ring mail
rNeg   . . .     SustAt   .     (no shield)
rPois  +         Gourm    .     (helmet unavailable)
rElec  +         Spirit   .     (no cloak)
rCorr  +         Warding  .     (no gloves)
rMut   .         Stasis   +     (no boots)
MR     .....                    i - amulet of regeneration
Stlth  ++........               (no ring)
                                (no ring)

@: brilliant, agile, lethally poisoned (0 -> 0), resistant, not resistant to
hostile enchantments, unstealthy
A: permanent stasis, dig shafts and tunnels, four strong arms, antennae 3
a: Dig, Shaft Self, Burn Spellbooks, Trog's Hand, Renounce Religion


You were on level 3 of the Dungeon.
You worshipped Trog.
Trog was pleased with you.
You were not hungry.

You visited 1 branch of the dungeon, and saw 3 of its levels.

You collected 91 gold pieces.

Inventory:

Hand weapons
 a - a +0 hand axe
 o - a +2 hand axe of electrocution (weapon)
Armour
 m - a +0 ring mail (worn)
Jewellery
 i - an amulet of regeneration (around neck)
Scrolls
 h - a scroll of remove curse
 l - a scroll of noise {unknown}
 p - 2 scrolls of identify {unknown}
 r - 3 scrolls of magic mapping {unknown}
Comestibles
 c - a bread ration
 g - a meat ration
 j - 3 fruits


   Skills:
 + Level 3.8 Fighting
 * Level 4.2 Axes
 + Level 2.6 Armour
 - Level 1.7 Dodging


You had 3 spell levels left.
You didn't know any spells.

Dungeon Overview and Level Annotations

Branches:
Dungeon (3/15)

Altars:
Cheibriados
Makhleb


Innate Abilities, Weirdness & Mutations

You are under a permanent stasis effect.
You can dig through walls and to a lower floor.
Your four strong arms can wield two-handed weapons with a shield.
You have a pair of large antennae on your head (SInv).


Message History

Drink which item? (? for menu, Esc to quit)
It was a potion of resistance.
You feel protected.
The giant newt bites the plant but does no damage.
The adder bites you.
* * * LOW HITPOINT WARNING * * *
The giant frog barely misses you.
Unknown command.
Drink which item? (? for menu, Esc to quit)
It was a potion of agility.
You feel agile all of a sudden. The giant frog misses you.
The adder misses you.
The giant newt bites the plant.
The giant frog hits you.
* * * LOW HITPOINT WARNING * * *
The adder closely misses you.
You aren't carrying any potions.
Read which item? (? for menu, Esc to quit)
As you read the scroll labeled ABIRCH RABALI, it crumbles to dust.
You smell fire and brimstone.
It was a scroll of random uselessness.
You die...

≈≈≈≈≈≈≈≈≈≈≈≈≈b♣≈
≈≈≈≈≈≈≈≈≈≈≈P≈≈≈≈
≈≈≈≈≈≈≈≈≈≈≈≈♣≈P≈
≈≈≈≈≈≈≈≈≈≈P≈≈P≈≈♣
≈≈≈≈≈≈≈≈≈≈≈♣≈≈≈≈♣
{
≈P≈≈≈≈P♣≈b≈P≈♣♣≈#
♣≈P[lP♣


P≈P ♣≈♣♣SF♣♣♣.#.#.# ≈≈ ♣♣@.<[.....# ... {{ ###.......# ... ##.###### .. #.# #
#.# #.# #.# #.# You could see a giant frog, an adder, a bat and a giant newt.

Vanquished Creatures
  An adder (D:2)
  An ooze (D:2)
  A worm (D:2)
  2 giant geckos
  A ball python (D:1)
  3 bats
  4 giant cockroaches
  5 goblins
  6 hobgoblins
  8 jackals
  2 quokkas
  4 giant newts
  5 kobolds
  3 rats
  A plant (D:1)
47 creatures vanquished.

Notes
Turn   | Place    | Note
--------------------------------------------------------------
     0 | D:1      | pulse the Formicid Berserker began the quest for the Orb.
     0 | D:1      | Reached XP level 1. HP: 18/18 MP: 1/1
   188 | D:1      | Reached XP level 2. HP: 24/24 MP: 2/2
   933 | D:1      | Reached XP level 3. HP: 29/29 MP: 3/3
  1246 | D:2      | Acquired Trog's second power
  1382 | D:2      | Found a burning altar of Makhleb.
  1437 | D:2      | Reached skill level 4 in Axes
  1437 | D:2      | Reached XP level 4. HP: 16/37 MP: 4/4
  1552 | D:2      | Found a snail-covered altar of Cheibriados.
  1724 | D:3      | Noticed a giant frog
  1736 | D:3      | HP: 1/37 [giant frog (4)]
  1737 | D:3      | Succumbed to an adder's poison

Vault maps used:
D:1:      moated_graveyard_arrival, serial_forest, infiniplex_forest_straight_2,
          infiniplex_forest_end_1, infiniplex_forest_clump_small,
          infiniplex_forest_straight_2, infiniplex_forest_clump_medium,
          infiniplex_forest_clump_curved, minivault_27, minmay_misc_feat_encased
D:2:      lemuel_doored_altar, overflow_temple_1_default
D:3:      kiku_gazebo_garden_becter, nicolae_ru_the_path_less_chosen,
          grunt_temple_overflow_forces_of_nature, old_standard_altar,
          serial_bayou, serial_bayou_lake_a, serial_bayou_pond_e,
          serial_bayou_pond_b, serial_bayou_crossing, uniq_jessica

Action                   |  1- 3 |  4- 6 || total
-------------------------+-------+-------++-------
Melee: Hand axe          |   141 |    39 ||   180
  Use: Scroll            |     3 |     1 ||     4
       Potion            |       |     3 ||     3
 Stab: Distracted        |       |     1 ||     1
  Eat: Chunk             |     1 |     2 ||     3
